Map: Prion Terraces

Players

Miszu - Winner!

  • Race: Terran Terran
  • League: Grandmaster

MrGuiLL

  • Race: Terran Terran

VOD

Have the link to the VOD?

Description

Time

  • Played on: Feb. 17, 2016, 12:30 p.m.
  • Length: 4:52
Show
View Real Time Build Order
Export as new Build Order

Miszu Terran - Winner!

Build Orders:  

Get SALT Encoding   

  12  0:00  SCV  
  13  0:13  SCV  
  14  0:18  Supply Depot  
  14  0:25  SCV  
  15  0:40  Barracks  
  15  0:51  Barracks  
  15  1:05  Barracks  
  15  1:27  Marine  
  15  1:30  Barracks  
  16  1:38  Supply Depot, Marine  
  17  1:45  Marine  
  18  1:56  Marine  
  18  1:58  Marine  
  20  2:03  Marine  
  21  2:13  Marine  
  22  2:16  Marine  
  22  2:18  Marine  
  22  2:20  Marine  
  25  2:25  Supply Depot  
  25  2:31  Marine  
  25  2:33  Marine  
  27  2:37  SCV  
  27  2:42  Refinery  
  28  2:46  Refinery  
  28  2:56  Marine, SCV  
  30  3:15  Marine x2  
  30  3:16  Marine  
  30  3:17  Marine  
  30  3:18  SCV  
  35  3:32  Marine  
  36  3:40  SCV  
  36  3:41  Marine  
  38  3:51  Marine  
  39  4:05  Marine  
  39  4:07  Marine  
  39  4:37  Factory  
Show
View Real Time Build Order
Export as new Build Order

MrGuiLL Terran 

Build Orders:  

Get SALT Encoding   

  12  0:03  SCV  
  13  0:42  Supply Depot  
  13  1:29  Barracks x2  
  13  1:35  SCV  
  14  1:45  Refinery  
  14  1:47  SCV  
  13  2:38  Marine  
  9  2:56  Marine  
  8  3:14  Marine  
  9  3:32  Marine  
  9  3:49  Marine  
Tags
 
Add a new tag
Caveats
  • Supply blocks, unpowered buildings, or Contaminate may cause inaccurate times.
  • Supply counts are checked every 10 seconds.